 Dungeon Crawl Stone Soup version 0.23.2-40-g277498a (webtiles) character file.

Game seed: 3545974051039565073

2178 Fang the Skirmisher (level 9, -4/85 HPs)
             Began as a Gargoyle Berserker on Sept 9, 2019.
             Was an Elder of Trog.
             Slain by a phantom (5 damage)
             ... on level 7 of the Dungeon.
             The game lasted 00:07:05 (6034 turns).

Fang the Skirmisher (Gargoyle Berserker)            Turns: 6034, Time: 00:07:05

Health: -4/85      AC: 19    Str: 34    XL:     9   Next: 33%
Magic:  9/9        EV: 14    Int:  8    God:    Trog [****..]
Gold:   244        SH:  0    Dex:  9    Spells: 8/8 levels left

rFire    . . .     SeeInvis .   a - +0 hand axe
rCold    . . .     Gourm    .   (no shield)
rNeg     + . .     Faith    .   b - +0 plate armour
rPois    ∞         Spirit   .   (no helmet)
rElec    +         Reflect  .   (no cloak)
rCorr    .         Harm     .   (no gloves)
MR       .....                  (no boots)
Stlth    ..........             p - amulet of the acrobat
HPRegen  0.24/turn              h - +5 ring of strength
MPRegen  0.11/turn              u - +4 ring of evasion

@: berserking, very quick
A: negative energy resistance 1, electricity resistance, unbreathing,
petrification resistance, rot immunity, AC +6
a: Berserk, Trog's Hand, Brothers in Arms, Renounce Religion


You were on level 7 of the Dungeon.
You worshipped Trog.
Trog was greatly pleased with you.
You were hungry.

You visited 2 branches of the dungeon, and saw 8 of its levels.
You also visited: Sewer.

You collected 244 gold pieces.

Inventory:

Hand Weapons
 a - a +0 hand axe (weapon)
Armour
 b - a +0 plate armour (worn)
Jewellery
 h - a +5 ring of strength (left hand)
 p - an amulet of the acrobat (around neck)
 u - a +4 ring of evasion (right hand)
Wands
 x - a wand of disintegration (18)
 y - a wand of iceblast (7)
Scrolls
 e - 7 scrolls of remove curse {unknown}
 g - 15 scrolls of identify {unknown}
 i - 3 scrolls of immolation {unknown}
 k - a scroll of amnesia {unknown}
 m - a scroll of enchant armour {unknown}
 q - 3 scrolls of fear {unknown}
 r - 6 scrolls of teleportation {unknown}
 t - a scroll of magic mapping {unknown}
 w - a scroll of fog {unknown}
 C - 2 scrolls of brand weapon {unknown}
Potions
 d - a potion of might {unknown}
 f - 2 potions of mutation {unknown}
 j - 4 potions of lignification {unknown}
 l - a potion of heal wounds {unknown}
 n - 6 potions of flight {unknown}
 o - a potion of resistance {unknown}
 s - a potion of ambrosia {unknown}
 v - a potion of haste {unknown}
 z - 2 potions of curing {unknown}
 B - a potion of agility {unknown}
 D - 2 potions of invisibility {unknown}
 E - a potion of brilliance {unknown}
 F - 2 potions of magic {unknown}
 G - a potion of degeneration {unknown}
Comestibles
 c - 14 rations
 A - 3 chunks of flesh


   Skills:
 + Level 7.4 Fighting
 + Level 6.1 Axes
 + Level 6.9 Armour
 + Level 5.2 Dodging


You had 8 spell levels left.
You didn't know any spells.
Your spell library was empty.

Dungeon Overview and Level Annotations

Branches:
Dungeon (7/15)             Temple (1/1) D:4

Altars:
Ashenzari
Nemelex Xobeh
Okawaru
Yredelemnul

Shops:
D:4 }   D:5 ?   D:6 (


Innate Abilities, Weirdness & Mutations

You are resistant to torment.
Your stone body is resilient. (AC +6)
You are immune to poison.
You resist negative energy. (rN+)
You are resistant to electric shocks. (rElec)
You can survive without breathing.
You are immune to petrification.
You are immune to rotting.


Message History

You barely miss the bullfrog. You slash the hippogriff! You hit the yak.
The hippogriff bites you.
* * * LOW HITPOINT WARNING * * *
The hippogriff pecks you but does no damage.
The hippogriff claws you but does no damage.
The yak gores you!
* * * LOW HITPOINT WARNING * * *
The bullfrog barely misses you. The yak gores you.
* * * LOW HITPOINT WARNING * * *
Your plate armour prevents you from hitting the yak.
The yak is moderately wounded.
You hit the yak. You closely miss the hippogriff. You miss the bullfrog.
You slash the phantom! You slash the yak!
You feel the power of Trog in you as your rage grows.
You kill the yak!
Trog accepts your kill.
You slash the yak! The bullfrog completely misses you. The yak gores you.
* * * LOW HITPOINT WARNING * * *
The phantom hits you.
You die...

..... .# #.... ..# . .
#.... #.# . .. ##...#
..# # ...#..... ..# #
........###.############
.......YW##.........#...
.....YY@.....#......)...
......YHF##..###....# #.
.####....#...##.##.#####
.......##..........###
##.....##............)
#.....................
?..##..................
... ............(......
.....#.........##..


You could see a hippogriff, 4 yaks, a phantom and a bullfrog.

Vanquished Creatures
  2 yaks (D:7)
  Duvessa (D:7)
  An orc warrior (D:6)
  2 ice beasts (D:6)
  A black bear (D:6)
  A sky beast (D:6)
  3 ogres
  A centaur (D:3)
  A big kobold (D:7)
  A bullfrog (D:6)
  A scorpion (D:4)
  Dowan (D:7)
  3 wights (D:6)
  A howler monkey (D:4)
  A crimson imp (D:6)
  A centaur skeleton (D:4)
  An orc priest (D:6)
  2 hounds
  2 jellies
  An orc wizard (D:6)
  Ijyb (D:5)
  3 worker ants
  A worker ant zombie (D:6)
  9 adders
  4 gnolls (D:3)
  2 shadow imps (D:6)
  An ooze (Sewer)
  2 adder skeletons
  3 worms
  3 dart slugs
  5 leopard geckos
  13 orcs
  2 ball pythons
  5 giant cockroaches
  3 goblins
  9 hobgoblins
  6 jackals
  12 kobolds
  A quokka (D:3)
  6 bats
  5 frilled lizards
  A jackal skeleton (D:4)
  A leopard gecko skeleton (D:4)
  A quokka skeleton (D:6)
  6 rats
133 creatures vanquished.

Notes
Turn   | Place    | Note
-------+----------+-------------------------------------------
     0 | D:1      | Fang the Gargoyle Berserker began the quest for the Orb.
     0 | D:1      | Reached XP level 1. HP: 14/14 MP: 1/1
   207 | D:1      | Reached XP level 2. HP: 19/19 MP: 2/2
   765 | D:2      | Reached XP level 3. HP: 23/23 MP: 3/3
  1521 | D:3      | Reached XP level 4. HP: 16/29 MP: 4/4
  1733 | D:3      | Found a shattered altar of Ashenzari.
  1766 | D:3      | Reached skill level 4 in Fighting
  1767 | D:3      | Reached ** piety under Trog
  1808 | D:3      | Noticed a centaur
  1926 | D:3      | Found a basalt altar of Yredelemnul.
  1997 | D:3      | Killed a centaur
  1997 | D:3      | Reached XP level 5. HP: 20/34 MP: 5/5
  2100 | D:3      | Found a faded altar of an unknown god.
  2411 | D:4      | Reached XP level 6. HP: 37/39 MP: 6/6
  2864 | D:4      | Reached skill level 5 in Fighting
  3009 | D:4      | Reached XP level 7. HP: 44/44 MP: 7/7
  3013 | D:4      | Found Tiytaf's Gadget Boutique.
  3095 | D:4      | Found a staircase to the Ecumenical Temple.
  3218 | D:4      | Reached *** piety under Trog
  3288 | Temple   | Entered the Ecumenical Temple
  3328 | D:5      | Entered Level 5 of the Dungeon
  3574 | D:5      | Noticed Ijyb
  3589 | D:5      | Killed Ijyb
  3681 | D:5      | Found Qaizoll's Magic Scroll Shop.
  3892 | D:5      | Found a glowing drain.
  3907 | Sewer    | Entered a sewer
  4486 | D:6      | Reached skill level 5 in Armour
  4718 | D:6      | Reached XP level 8. HP: 25/51 MP: 8/8
  4953 | D:6      | Reached skill level 6 in Fighting
  4959 | D:6      | Reached skill level 5 in Axes
  5202 | D:6      | Found Estred's Antique Weapon Emporium.
  5222 | D:6      | Reached **** piety under Trog
  5710 | D:6      | Found a sparkling altar of Nemelex Xobeh.
  5953 | D:7      | Noticed Duvessa
  5953 | D:7      | Noticed Dowan
  5966 | D:7      | Killed Dowan
  5979 | D:7      | Reached skill level 7 in Fighting
  5979 | D:7      | Reached XP level 9. HP: 41/57 MP: 9/9
  5987 | D:7      | Killed Duvessa
  5987 | D:7      | Reached skill level 5 in Dodging
  6033 | D:7      | HP: 4/85 [yak (3)]
  6034 | D:7      | HP: 1/85 [yak (3)]
  6034 | D:7      | Slain by a phantom

Skill      XL: |  1  2  3  4  5  6  7  8  9 |
---------------+----------------------------+-----
Axes           | 3 4 5 6 |  6.1
Dodging        | 2 3 4 5 |  5.2
Armour         | 3 4 5 6 |  6.9
Fighting       | 4 5 7 |  7.4

Action                   |  1- 3 |  4- 6 |  7- 9 || total
-------------------------+-------+-------+-------++-------
Melee: Hand axe          |    99 |   148 |   335 ||   582
Invok: Berserk           |     1 |     1 |     4 ||     6
       Trog's Hand       |       |       |     1 ||     1
  Eat: Chunk             |     2 |     6 |    11 ||    19
       Ration            |       |       |     1 ||     1
Armor: Plate armour      |    50 |   119 |   259 ||   428
       Animal skin       |     5 |       |       ||     5
Dodge: Dodged            |    55 |    77 |   239 ||   371
